Map: Acropolis LE

Players

Drupac - Winner!

  • Race: Protoss Protoss
  • League: Platinum
  • Spawn Location: 11:00

Parkkatz

  • Race: Zerg Zerg
  • League: Platinum
  • Spawn Location: 5:00

VOD

Have the link to the VOD?

Description

Time

  • Played on: July 4, 2019, 11:47 a.m.
  • Length: 3:21
Show
View Real Time Build Order
Export as new Build Order

Drupac Protoss - Winner!

Build Orders: Cannon Rush 

Get SALT Encoding   

  1  0:00  Probe  
  12  0:06  Probe  
  14  0:20  Pylon  
  14  0:22  Probe  
  15  0:38  Probe  
  15  0:41  Forge  
  16  0:57  Pylon  
  16  1:07  Pylon  
  16  1:11  Pylon  
  16  1:26  Pylon  
  16  1:29  Photon Cannon  
  16  1:38  Photon Cannon  
  16  1:46  Photon Cannon  
  16  1:48  Probe  
  17  2:07  Photon Cannon  
  17  2:13  Photon Cannon  
  17  2:27  Photon Cannon  
  17  2:29  Assimilator  
  17  2:45  Gateway  
  17  2:49  Photon Cannon  
  17  2:56  Photon Cannon  
  17  3:01  Pylon  
  16  3:15  Photon Cannon  
  16  3:18  Pylon  
Show
View Real Time Build Order
Export as new Build Order

Parkkatz Zerg 

Build Orders: 3 Hatch before Pool 

Get SALT Encoding   

  12  0:01  Drone  
  13  0:12  Overlord  
  13  0:18  Drone  
  14  0:33  Drone x2  
  16  0:37  Drone  
  17  0:55  Drone  
  18  0:58  Hatchery  
  18  1:09  Hatchery  
  17  1:15  Spawning Pool  
  17  1:16  Drone  
  17  1:29  Drone  
  17  1:30  Drone x2, Extractor  
  19  1:41  Overlord  
  19  2:07  Zergling x4  
  21  2:14  Zergling x2  
  22  2:19  Queen  
  26  2:24  Zergling x4  
  25  2:46  Spine Crawler  
  25  2:47  Spawning Pool  
  25  2:50  Drone  
  26  3:04  Spine Crawler, Zergling x2  
Tags
 
Add a new tag
Caveats
  • Supply blocks, unpowered buildings, or Contaminate may cause inaccurate times.
  • Supply counts are checked every 10 seconds.